 Dungeon Crawl Stone Soup version 0.22-a0-40-g3d2f077def (webtiles) character file.

3924 Kaname the Destroyer (level 10, 63/63 HPs)
             Began as a Demonspawn Wizard on Jan 5, 2018.
             Was a Believer of Vehumet.
             Quit the game in a bailey.
             The game lasted 00:25:31 (6786 turns).

Kaname the Destroyer (Demonspawn Wizard)            Turns: 6786, Time: 00:25:32

Health: 63/63      AC:  8    Str: 12    XL:     10   Next: 1%
Magic:  28/35      EV: 13    Int: 22    God:    Vehumet [**....]
Gold:   485        SH:  6    Dex: 12    Spells: 6/19 levels left

rFire    . . .     SeeInvis .   y - +0 dagger (elec)
rCold    . . .     Gourm    .   (no shield)
rNeg     . . .     Faith    .   B - +2 leather armour "Ysuuw" {Str+4}
rPois    .         Spirit   .   t - +1 hat
rElec    .         Reflect  +   M - +0 cloak
rCorr    .         Harm     .   (no gloves)
MR       .....                  H - +0 pair of boots
Stlth    ++........             I - +6 amulet of reflection
HPRegen  2.20/turn              k - ring of magical power
MPRegen  0.24/turn              s - ring of magical power

@: very slightly contaminated
A: repulsion field 1, demonic guardian 2, powered by death 3
a: Renounce Religion


You were in a bailey.
You worshipped Vehumet.
Vehumet was pleased with you.
You were not hungry.

You visited 2 branches of the dungeon, and saw 10 of its levels.
You also visited: Bailey.

You collected 485 gold pieces.

Inventory:

Hand Weapons
 a - the +1 mace of Quantum Leap {crush, MR+++ Str-3 Int+3}
   (You found it on level 6 of the Dungeon)

   It inflicts extra damage upon your enemies.
   It affects your strength (-3).
   It affects your intelligence (+3).
   It affects your resistance to hostile enchantments.
 y - a +0 dagger of electrocution (weapon)
Missiles
 g - 195 arrows
Armour
 f - the +1 ring mail "Baenoude" {Regen+ rCorr, unknown}
   (You found it on level 9 of the Dungeon)

   It increases your rate of regeneration.
   It protects you from acid and corrosion.
 t - a +1 hat (worn)
 B - the +2 leather armour "Ysuuw" (worn) {Str+4}
   (You found it on level 5 of the Dungeon)

   It affects your strength (+4).
 H - a +0 pair of boots (worn)
 M - a +0 cloak (worn)
Jewellery
 k - a ring of magical power (left hand)
 q - an uncursed ring of see invisible {unknown}
 s - a ring of magical power (right hand)
 x - an uncursed amulet of regeneration
 I - a +6 amulet of reflection (around neck)
Wands
 c - a wand of paralysis (7)
 o - a wand of enslavement (6)
Scrolls
 b - a scroll of blinking
 h - 2 scrolls of enchant weapon
 i - a scroll of amnesia
 j - 2 scrolls of noise {unknown}
 m - 5 scrolls of teleportation
 r - 6 scrolls of remove curse
 u - 2 scrolls of immolation
 E - 4 scrolls of enchant armour {unknown}
 J - a scroll of torment {unknown}
 K - a scroll of fog {unknown}
 L - 3 scrolls of random uselessness {unknown}
Potions
 e - 2 potions of cancellation {unknown}
 l - 5 potions of heal wounds
 n - a potion of ambrosia {unknown}
 p - 5 potions of degeneration {unknown}
 v - 4 potions of haste {unknown}
 w - a potion of agility {unknown}
 z - 4 potions of flight
 A - 3 potions of mutation {unknown}
 C - a potion of resistance {unknown}
 D - 2 potions of brilliance {unknown}
 F - 2 potions of curing {unknown}
 G - 2 potions of berserk rage {unknown}
 O - a potion of magic {unknown}
Comestibles
 d - 16 rations
 N - 11 chunks of flesh


   Skills:
 - Level 1.7 Dodging
 - Level 1.7 Stealth
 - Level 5.0 Spellcasting
 - Level 10.4 Conjurations
 - Level 4.2 Summonings
 * Level 1.3 Translocations
 + Level 2.0 Fire Magic
 - Level 6.0 Air Magic
 - Level 2.2 Poison Magic


You had 6 spell levels left.
You knew the following spells:

 Your Spells              Type           Power        Failure   Level  Hunger
a - Magic Dart            Conj           ####         1%          1    None
b - Blink                 Tloc           N/A          11%         2    None
c - Mephitic Cloud        Conj/Pois/Air  ####....     3%          3    ##.....
d - Conjure Flame         Conj/Fire      ####....     3%          3    ##.....
e - Summon Lightning Spi  Summ/Air       ####....     16%         4    ####...


Dungeon Overview and Level Annotations

Branches:
Dungeon (9/15)             Temple (1/1) D:5            Lair (0/6) D:8
    Orc: D:9-12

Altars:
Ashenzari
Cheibriados
Dithmenos
Elyvilon
Fedhas
Gozag
Hepliaklqana
Kikubaaqudgha
Makhleb
Nemelex Xobeh
Okawaru
Qazlal
Ru
Sif Muna
Trog
Uskayaw
Vehumet
Wu Jian
Xom
Yredelemnul
Zin
The Shining One

Shops:
D:7 %   D:8 *


Innate Abilities, Weirdness & Mutations

You are surrounded by a mild repulsion field. (EV +2)
A demonic guardian rushes to your aid.
You regenerate a lot of health from kills.


Message History

The orc warrior is almost dead.
Unknown command.
You hit the orc warrior but do no damage.
The orc warrior is almost dead.
The orc warrior chortles and stares into space.
You hit the orc warrior but do no damage.
The orc warrior is almost dead.
You barely miss the orc warrior.
The orc warrior is almost dead.
The orc warrior closely misses itself.
You hit the orc warrior.
Lightning courses through the orc warrior!
You kill the orc warrior!
Vehumet accepts your kill.
You feel your power returning.
Your Fire Magic skill increases to level 2!
You have reached level 10!
Your demonic ancestry asserts itself...
You begin to radiate repulsive energy.
Are you sure you want to abandon this character and quit the game? (Confirm with "yes".)

####....(........#
###........≈≈≈≈≈≈≈≈≈#
##.......≈≈≈≈≈≈≈≈≈≈≈≈≈
##.......≈≈≈≈#########≈
###....≈≈≈≈≈≈≈∩#oooo.KK#∩
#≈≈≈≈≈≈≈≈≈((####.o..K..##
≈≈≈≈≈≈≈≈≈...)(.#oK####'####
#≈≈≈≈≈≈#......###...o ...
#########...@(# '..###
#......)# .# #.....⌠.(..#
##.....(...# ##..........
####........ ##########


There were no monsters in sight!

Vanquished Creatures
  Prince Ribbit (D:7)
  Sigmund (D:4)
  2 orc warriors
  A phantom (D:4)
  A sky beast (D:9)
  2 ogres
  A centaur (D:7)
  A bullfrog (D:8)
  2 scorpions (D:8)
  A water moccasin skeleton (D:9)
  A howler monkey (D:6)
  3 crimson imps
  2 hounds (D:5)
  An orc priest (D:4)
  Crazy Yiuf (D:6)
  3 orc wizards
  2 iguanas
  5 worker ants
  A hound skeleton (D:8)
  Robin (D:3)
  2 worker ant zombies
  5 adders
  2 shadow imps
  An adder zombie (D:9)
  2 oozes
  An adder skeleton (D:4)
  A dart slug (D:1)
  3 leopard geckos
  18 orcs
  3 giant cockroaches (D:1)
  9 hobgoblins
  6 jackals
  13 kobolds
  3 quokkas
  A ball python (D:3)
  4 bats
  3 frilled lizards
  16 goblins
  7 rats
133 creatures vanquished.

Vanquished Creatures (collateral kills)
  2 two-headed ogres
  The ghost of pista233 the Geomancer, a novice GrEE of Vehumet (D:8)
  The ghost of WhatIsLove the Cleaver, a novice HOMo (D:5)
  Maurice (D:8)
  Eustachio (D:4)
  2 orc warriors
  An ogre (D:8)
  A black bear (D:6)
  A phantom (D:4)
  A centaur (D:5)
  A crocodile (D:8)
  A scorpion (D:8)
  Terence (D:2)
  3 gnolls (D:3)
  2 adders (D:4)
  An ooze (D:2)
  A goblin (D:3)
  A hobgoblin (D:3)
23 creatures vanquished.

Vanquished Creatures (others)
  A kobold (Bailey)
  A fungus (D:8)
2 creatures vanquished.

Grand Total: 158 creatures vanquished

Notes
Turn   | Place    | Note
-------+----------+-------------------------------------------
     0 | D:1      | Kaname the Demonspawn Wizard began the quest for the Orb.
     0 | D:1      | Reached XP level 1. HP: 13/13 MP: 4/4
   341 | D:1      | Reached skill level 2 in Conjurations
   372 | D:1      | Gained mutation: A weak demonic guardian rushes to your aid. [demonic ancestry]
   372 | D:1      | Reached XP level 2. HP: 14/19 MP: 3/6
  1468 | D:2      | Learned a level 2 spell: Blink
  1609 | D:2      | Reached skill level 3 in Conjurations
  1643 | D:2      | Reached XP level 3. HP: 24/24 MP: 7/7
  1644 | D:2      | Noticed Terence
  1656 | D:2      | Killed Terence
  1712 | D:2      | Learned a level 3 spell: Mephitic Cloud
  1762 | D:2      | Reached skill level 1 in Translocations
  2236 | D:3      | Gained mutation: You regenerate a little health from kills. [demonic ancestry]
  2236 | D:3      | Reached XP level 4. HP: 30/30 MP: 8/8
  2239 | D:3      | Reached skill level 4 in Conjurations
  2240 | D:3      | Noticed Robin
  2253 | D:3      | Killed Robin
  2394 | D:3      | Learned a level 3 spell: Conjure Flame
  2655 | D:4      | Noticed Sigmund
  2666 | D:4      | Noticed a phantom
  2670 | D:4      | Killed Sigmund
  2670 | D:4      | Reached skill level 5 in Conjurations
  2670 | D:4      | Gained mutation: A demonic guardian rushes to your aid. [demonic ancestry]
  2670 | D:4      | Reached XP level 5. HP: 35/35 MP: 9/9
  2685 | D:4      | Killed a phantom
  2685 | D:4      | Reached skill level 6 in Conjurations
  2685 | D:4      | Gained mutation: You regenerate health from kills. [demonic ancestry]
  2685 | D:4      | Reached XP level 6. HP: 39/41 MP: 10/10
  2796 | D:4      | Noticed Eustachio
  2808 | D:4      | Killed Eustachio
  2808 | D:4      | Reached skill level 7 in Conjurations
  2821 | D:4      | Reached skill level 1 in Poison Magic
  2842 | D:4      | Reached skill level 1 in Air Magic
  2842 | D:4      | Gained mutation: You regenerate a lot of health from kills. [demonic ancestry]
  2842 | D:4      | Reached XP level 7. HP: 29/46 MP: 11/11
  3110 | D:4      | Found a deep blue altar of Sif Muna.
  3386 | D:5      | Entered Level 5 of the Dungeon
  3388 | D:5      | Noticed WhatIsLove's ghost (novice HOMo)
  3394 | D:5      | Killed WhatIsLove's ghost
  3397 | D:5      | Reached skill level 5 in Spellcasting
  3403 | D:5      | Learned a level 4 spell: Summon Lightning Spire
  3412 | D:5      | Got a bloodstained leather armour
  3423 | D:5      | Identified the +2 leather armour "Ysuuw" {Str+4} (You found it on level 5 of the Dungeon)
  3568 | D:5      | Found a staircase to the Ecumenical Temple.
  3633 | D:5      | Reached XP level 8. HP: 51/52 MP: 15/15
  3672 | Temple   | Entered the Ecumenical Temple
  3827 | Temple   | Became a worshipper of Vehumet
  4213 | D:5      | Found a blossoming altar of Fedhas.
  4213 | D:5      | Found a glowing golden altar of the Shining One.
  4218 | D:5      | Found a shattered altar of Ashenzari.
  4220 | D:5      | Found a glowing silver altar of Zin.
  4222 | D:5      | Found a basalt altar of Yredelemnul.
  4423 | D:6      | Found an iron altar of Okawaru.
  4783 | D:6      | Found a runed door.
  4787 | D:6      | Noticed Crazy Yiuf
  4798 | D:6      | Killed Crazy Yiuf
  4801 | D:6      | Got a pitted mace
  4804 | D:6      | Got a scorched mace
  4815 | D:6      | Identified the +8 mace of Conversion {protect, rElec} (You found it on level 6 of the Dungeon)
  4816 | D:6      | Identified the cursed +1 mace of Quantum Leap {crush, MR+++ Str-3 Int+3} (You found it on level 6 of the Dungeon)
  4876 | D:7      | Reached skill level 5 in Air Magic
  4888 | D:7      | Found Ytzeip's Food Emporium.
  4905 | D:7      | Noticed Prince Ribbit
  4914 | D:7      | Killed Prince Ribbit
  5117 | D:7      | Noticed a two-headed ogre
  5132 | D:7      | Killed a two-headed ogre
  5132 | D:7      | Reached skill level 8 in Conjurations
  5132 | D:7      | Reached XP level 9. HP: 57/57 MP: 16/16
  5644 | D:8      | Reached skill level 9 in Conjurations
  5660 | D:8      | Reached * piety under Vehumet
  5660 | D:8      | Offered knowledge of Flame Tongue by Vehumet.
  5728 | D:8      | Found Wenomut's Assorted Antiques.
  5877 | D:8      | Noticed a two-headed ogre
  5899 | D:8      | Killed a two-headed ogre
  6058 | D:8      | Noticed Maurice
  6070 | D:8      | Killed Maurice
  6173 | D:8      | Found a staircase to the Lair.
  6267 | D:8      | Noticed pista233's ghost (novice GrEE)
  6284 | D:8      | Killed pista233's ghost
  6284 | D:8      | Reached skill level 10 in Conjurations
  6385 | D:9      | Reached skill level 1 in Fire Magic
  6418 | D:9      | Found a flagged portal.
  6478 | D:9      | Reached ** piety under Vehumet
  6478 | D:9      | Offered knowledge of Sandblast by Vehumet.
  6576 | D:9      | Got a warped ring mail
  6666 | Bailey   | Entered a bailey
  6785 | Bailey   | Gained mutation: You are surrounded by a mild repulsion field. (EV +2) [demonic ancestry]
  6785 | Bailey   | Reached XP level 10. HP: 63/63 MP: 17/17
  6786 | Bailey   | Quit the game

Vault maps used:
D:1:      saegor_arrival_simple_b, serial_forest, infiniplex_forest_straight_2,
          infiniplex_forest_clump_curved, infiniplex_forest_lined_3,
          infiniplex_forest_straight_2, infiniplex_forest_clump_cross,
          minmay_misc_feat_rows, hex_medium, fountainhead,
          minmay_misc_feat_ornament
D:2:      first_ration, uniq_terence
D:3:      uniq_robin
D:4:      old_standard_altar, uniq_sigmund, uniq_eustachio
D:5:      chequers_temple_overflow_minitemple, temple_doors_e
D:6:      serial_bayou_pond_b, minmay_item_behind_shaft,
          hangedman_decor_riveting, okawaru_trees_1, uniq_crazy_yiuf_cottage
D:7:      serial_shops, nicolae_shop_stone, uniq_prince_ribbit1
D:8:      grunt_lair_entry_orc_guard_hut, serial_shops, nicolae_shop_trees,
          uniq_maurice
D:9:      enter_bailey_3
Temple:   regret_index_temple_sphere_string
Bailey:   bailey_axe_4, bailey

Skill      XL: |  1  2  3  4  5  6  7  8  9 |
---------------+----------------------------+-----
Conjurations   | 2 3 5 6 7 8 10 | 10.4
Translocations | 1 |  1.3
Poison Magic   | 2 |  2.2
Air Magic      | 1 2 5 6 |  6.0
Spellcasting   | 5 |  5.0
Summonings     | 3 4 |  4.2
Fire Magic     | 2 |  2.0
Dodging        | |  1.7
Stealth        | |  1.7

Action                   |  1- 3 |  4- 6 |  7- 9 | 10-12 || total
-------------------------+-------+-------+-------+-------++-------
Melee: Dagger            |    36 |    24 |   100 |       ||   160
       Unarmed           |     7 |       |       |       ||     7
       Spear             |     1 |       |       |       ||     1
 Cast: Magic Dart        |    86 |    54 |   275 |       ||   415
       Mephitic Cloud    |       |     3 |     9 |       ||    12
       Conjure Flame     |       |       |     4 |       ||     4
       Blink             |       |       |     3 |       ||     3
       Summon Lightning  |       |       |     2 |       ||     2
  Use: Scroll            |       |       |    10 |       ||    10
 Stab: Sleeping          |     1 |     1 |     1 |       ||     3
  Eat: Chunk             |     4 |     2 |    13 |       ||    19
Armor: Robe              |    10 |     3 |     2 |       ||    15
       Leather armour    |       |       |    37 |       ||    37
Dodge: Dodged            |    29 |    10 |    67 |       ||   106
Block: Other             |       |       |    31 |       ||    31
       Reflection        |       |       |     2 |       ||     2

Table legend:
 A = Spawn XP
 B = Non-spawn XP
 C = Spawn XP percentage of total XP
 D = Spawn monster count
 E = Non-spawn monster count
 F = Spawn count percentage of total count
 G = Total turns spent on level
                    A         B        C        D         E        F      G
               +---------+---------+-------+---------+---------+-------+---------
         Total |       0 |    5606 |   0.0 |       0 |     157 |   0.0 |  6786
               +---------+---------+-------+---------+---------+-------+---------
           D:1 |       0 |      32 |   0.0 |       0 |      19 |   0.0 |  1150
           D:2 |       0 |      37 |   0.0 |       0 |      10 |   0.0 |   744
           D:3 |       0 |      90 |   0.0 |       0 |      26 |   0.0 |   705
           D:4 |       0 |     801 |   0.0 |       0 |      15 |   0.0 |   787
           D:5 |       0 |     610 |   0.0 |       0 |      12 |   0.0 |   714
           D:6 |       0 |     414 |   0.0 |       0 |      15 |   0.0 |   582
           D:7 |       0 |    1101 |   0.0 |       0 |       7 |   0.0 |   733
           D:8 |       0 |    2020 |   0.0 |       0 |      19 |   0.0 |   780
           D:9 |       0 |     350 |   0.0 |       0 |      20 |   0.0 |   302
        Bailey |       0 |     151 |   0.0 |       0 |      14 |   0.0 |   120
               +---------+---------+-------+---------+---------+-------+---------
